[Event "LTU-ch Women 2019"]
[Site "Vilnius"]
[Date "2019.03.15"]
[Round "1"]
[White "Kaspute, Vesta"]
[Black "Fokaite, Gabriele"]
[Result "1-0"]
[ECO "B45"]
[WhiteElo "2037"]
[BlackElo "1549"]
[Annotator "NA RC"]
[PlyCount "71"]
[EventDate "2019.??.??"]
[EventCountry "LTU"]
[SourceTitle "playchess.com"]
[Source "ChessBase"]
[SourceQuality "1"]
[TimeControl "5400+30"]

1. e4 c5 2. Nf3 Nc6 3. d4 cxd4 4. Nxd4 e6 5. Nc3 Nf6 6. Nxc6 bxc6 7. e5 Nd5 8. Ne4 Be7 9. Be2 O-O 10. O-O Bb7 11. c4 Nb6 12. Be3 Qc7 13. Bc5 Bxc5 14. Nxc5 Rad8 15. Qd6 Qc8 16. a4 a5 17. Qd2 Qa8 18. Nxb7 Qxb7 19. Qxa5 Ra8 20. Qb4 Qc7 21. a5 Nc8 22. Qc5 d5 23. exd6 Nxd6 24. Bf3 Rfc8 25. a6 Ra7 26. Rfd1 Nf5 27. b4 Nh4 28. Bxc6 h6 29. b5 Raa8 30. Qh5 Ng6 31. Rd7 Qf4 32. Bxa8 Rxa8 33. Qf3 Qxf3 34. gxf3 Ne5 35. Rb7 Nxc4 36. a7 1-0

[Event "LTU-ch Women 2019"]
[Site "Vilnius"]
[Date "2019.03.15"]
[Round "1"]
[White "Ditmonaite, Viktorija"]
[Black "Plutaite, Ausra"]
[Result "0-1"]
[ECO "D53"]
[WhiteElo "1871"]
[BlackElo "1378"]
[Annotator "NA RC"]
[PlyCount "70"]
[EventDate "2019.??.??"]
[EventCountry "LTU"]
[SourceTitle "playchess.com"]
[Source "ChessBase"]
[SourceQuality "1"]
[TimeControl "5400+30"]

1. d4 e6 2. c4 d5 3. Nf3 Nf6 4. Bg5 Be7 5. Nc3 a6 6. cxd5 exd5 7. e3 b6 8. Be2 Bb7 9. O-O O-O 10. Ne5 Ne4 11. Bxe7 Qxe7 12. Nxe4 dxe4 13. Bc4 Nd7 14. Nxd7 Qxd7 15. Qe2 Qf5 16. Rac1 Rfd8 17. Rc3 Rd6 18. Rfc1 Rg6 19. Qf1 Bc8 20. Bb3 c5 21. dxc5 Qf3 22. Bd1 Qf6 23. g3 bxc5 24. Rxc5 Bd7 25. b4 h5 26. Bxh5 Rh6 27. Qc4 Re8 28. Qd5 Bh3 29. Rc7 Be6 30. Qd1 Qf5 31. g4 Qg5 32. R7c5 Qh4 33. Rc7 g6 34. Qd4 gxh5 35. Qxe4 hxg4 0-1

[Event "LTU-ch Women 2019"]
[Site "Vilnius"]
[Date "2019.03.15"]
[Round "1"]
[White "Malisauskiene, Marina"]
[Black "Jaskunaite, Auguste"]
[Result "1-0"]
[ECO "D55"]
[WhiteElo "1869"]
[BlackElo "1323"]
[Annotator "NA RC"]
[PlyCount "99"]
[EventDate "2019.??.??"]
[EventCountry "LTU"]
[SourceTitle "playchess.com"]
[Source "ChessBase"]
[SourceQuality "1"]
[TimeControl "5400+30"]

1. d4 d5 2. c4 e6 3. Nc3 Nf6 4. Bg5 Be7 5. e3 O-O 6. Nf3 b6 7. Bxf6 Bxf6 8. cxd5 exd5 9. Rc1 Bg4 10. Be2 c6 11. O-O Nd7 12. h3 Bf5 13. b4 Be6 14. Bd3 Be7 15. Qb3 Nf6 16. Ne5 Rc8 17. a3 Bd6 18. f4 c5 19. Ba6 cxd4 20. Bxc8 dxc3 21. Bxe6 fxe6 22. Nc6 Qd7 23. Rxc3 Ne4 24. Rc2 a6 25. Rfc1 Ng3 26. Qd3 b5 27. Nd4 e5 28. fxe5 Bxe5 29. Nf3 Bb8 30. Rd1 Nf5 31. Rc5 Ba7 32. Rxd5 Qe6 33. Re5 Bxe3+ 34. Qxe3 Nxe3 35. Rxe6 Nxd1 36. Rxa6 Rf5 37. Rc6 Ne3 38. Rc3 Nd1 39. Rc7 Rd5 40. h4 Kf8 41. Ng5 h6 42. Ne6+ Kg8 43. Rxg7+ Kh8 44. Rc7 Rd6 45. Nf4 Ra6 46. Rc5 Rxa3 47. Rxb5 Ra4 48. Nd5 Nb2 49. Rb7 Nd3 50. Nf6 1-0

[Event "LTU-ch Women 2019"]
[Site "Vilnius"]
[Date "2019.03.15"]
[Round "1"]
[White "Maziukaite, Kristina"]
[Black "Sibajeva, Marija"]
[Result "1/2-1/2"]
[ECO "D80"]
[WhiteElo "1491"]
[BlackElo "2023"]
[Annotator "NA RC"]
[PlyCount "143"]
[EventDate "2019.??.??"]
[EventCountry "LTU"]
[SourceTitle "playchess.com"]
[Source "ChessBase"]
[SourceQuality "1"]
[TimeControl "5400+30"]

1. d4 Nf6 2. c4 g6 3. Nc3 d5 4. Bg5 Ne4 5. Bh4 Nxc3 6. bxc3 Bg7 7. e3 c5 8. Qb1 Nc6 9. Nf3 Qa5 10. Qb3 cxd4 11. exd4 Nxd4 12. Nxd4 Bxd4 13. Rc1 dxc4 14. Bxc4 O-O 15. O-O Bf6 16. Bxf6 exf6 17. Rcd1 Qc7 18. Bd5 Rb8 19. c4 Bf5 20. Rfe1 b5 21. Qc3 Kg7 22. c5 Rfe8 23. c6 Rxe1+ 24. Rxe1 Rd8 25. Bf3 Be6 26. Qc5 a6 27. a3 Rd2 28. Rc1 Bf5 29. g3 Rd3 30. Rc3 Rd8 31. a4 bxa4 32. Qc4 Bh3 33. Qxa6 Qe5 34. Rc1 Re8 35. Bg2 Qe1+ 36. Qf1 Qxf1+ 37. Kxf1 Bxg2+ 38. Kxg2 Rc8 39. Kf3 Kf8 40. Ke4 Ke7 41. Kd5 Rd8+ 42. Kc5 Rd2 43. c7 Kd7 44. Kb6 Kc8 45. Rc4 a3 46. Ra4 Rb2+ 47. Kc6 Rc2+ 48. Kd6 Rd2+ 49. Kc6 Rc2+ 50. Kd6 Rxc7 51. Ra8+ Kb7 52. Rxa3 Rc2 53. Rf3 f5 54. Ke7 Rc7+ 55. Kf6 Kc8 56. Rd3 Rc2 57. Rf3 Rc7 58. Ra3 Rc2 59. Kxf7 Rxf2 60. h3 Rh2 61. h4 f4 62. gxf4 Rxh4 63. Rf3 Rh5 64. Ke6 Rf5 65. Rh3 Rh5 66. Rxh5 gxh5 67. Kf5 h6 68. Kg6 h4 69. f5 h3 70. f6 h2 71. f7 h1=Q 72. f8=Q+ 1/2-1/2

[Event "LTU-ch Women 2019"]
[Site "Vilnius"]
[Date "2019.03.15"]
[Round "1"]
[White "Sukyte, Kotryna"]
[Black "Ramanauskaite, Giedre"]
[Result "0-1"]
[ECO "C02"]
[WhiteElo "1354"]
[BlackElo "1870"]
[Annotator "NA"]
[PlyCount "120"]
[EventDate "2019.??.??"]
[EventCountry "LTU"]
[SourceTitle "playchess.com"]
[Source "ChessBase"]
[SourceQuality "1"]
[TimeControl "5400+30"]

1. e4 e6 2. d4 d5 3. e5 c5 4. c3 Nc6 5. Nf3 Qb6 6. Be2 Nge7 7. Na3 cxd4 8. cxd4 Nf5 9. Nc2 Bb4+ 10. Kf1 O-O 11. g3 Be7 12. b3 f6 13. exf6 Bxf6 14. Bb2 Bd7 15. Kg2 Kh8 16. h4 Rf7 17. Qd3 a6 18. g4 Nd6 19. Ng5 Bxg5 20. hxg5 g6 21. Qxg6 Rg8 22. Qh6 Ne4 23. g6 Rxf2+ 24. Kg1 Rg7 25. gxh7 Qd8 26. Rh2 Rxh2 27. Qxh2 Rxh7 28. Qg2 Qh4 29. Bd3 Rg7 30. Ne3 Nf6 31. Be2 Ne7 32. Qh2 Ng6 33. Qxh4+ Nxh4 34. Kh2 Ne4 35. Rf1 Kg8 36. Bd3 Bb5 37. Bxb5 axb5 38. a3 Rh7 39. Kg1 Nd2 40. Rf2 Nhf3+ 41. Kg2 Rh2+ 42. Kg3 Ne4+ 43. Kf4 Rxf2 44. Bc1 Nxd4+ 45. Ke5 Nxb3 46. Kxe6 Nxc1 47. Kxd5 Nf6+ 48. Kc5 Rf3 49. Ng2 Rxa3 50. Kxb5 Rg3 51. Nf4 Rxg4 52. Ne6 Nd3 53. Kb6 Rb4+ 54. Kc7 b5 55. Kb6 Rb1 56. Kc6 b4 57. Nc5 Rc1 58. Kb6 Rxc5 59. Ka6 Nd7 60. Kb7 Rc1 0-1

[Event "LTU-ch Women 2019"]
[Site "Vilnius"]
[Date "2019.03.16"]
[Round "2.2"]
[White "Butvilaite, Berta Reja"]
[Black "Kaspute, Vesta"]
[Result "0-1"]
[ECO "B07"]
[WhiteElo "1809"]
[BlackElo "2037"]
[Annotator "NA RC"]
[PlyCount "88"]
[EventDate "2019.??.??"]
[EventCountry "LTU"]
[SourceTitle "playchess.com"]
[Source "ChessBase"]
[SourceQuality "1"]
[TimeControl "5400+30"]

1. e4 d6 2. d4 Nf6 3. Nc3 c6 4. Bg5 Nbd7 5. Nf3 e5 6. Bc4 Be7 7. dxe5 dxe5 8. Qd2 b5 9. Bxf6 Bxf6 10. Nxb5 cxb5 11. Bxf7+ Kf8 12. O-O-O Qe7 13. Bd5 Rb8 14. g4 h6 15. h4 g6 16. g5 Bg7 17. Bc6 Nc5 18. Qd8+ Qxd8 19. Rxd8+ Ke7 20. Rxh8 Bxh8 21. gxh6 Bb7 22. Bxb7 Rxb7 23. Ng5 Ne6 24. Rg1 Nf4 25. Kd2 Rb8 26. Rg3 Rd8+ 27. Ke3 Bf6 28. a3 Rh8 29. h7 Bxg5 30. hxg5 Rxh7 31. Kd2 Rh3 32. Rg4 Ne6 33. c3 Rh5 34. Rg3 Rxg5 35. Rh3 Rh5 36. Rd3 Nf4 37. Rg3 Kf6 38. Kc2 Rh3 39. Rg1 Rh2 40. Rf1 Nh3 41. Kb3 Rxf2 42. Rd1 g5 43. Rd3 g4 44. Rg3 Kg5 0-1

[Event "LTU-ch Women 2019"]
[Site "Vilnius"]
[Date "2019.03.16"]
[Round "2.3"]
[White "Ramanauskaite, Giedre"]
[Black "Perazzo, Kamila"]
[Result "1-0"]
[ECO "D53"]
[WhiteElo "1870"]
[BlackElo "1035"]
[Annotator "NA"]
[PlyCount "91"]
[EventDate "2019.??.??"]
[EventCountry "LTU"]
[SourceTitle "playchess.com"]
[Source "ChessBase"]
[SourceQuality "1"]
[TimeControl "5400+30"]

1. d4 d5 2. c4 e6 3. Nc3 Nf6 4. Bg5 Be7 5. e3 Nbd7 6. Nf3 h6 7. Bh4 O-O 8. Bd3 b6 9. O-O c5 10. cxd5 exd5 11. Bb5 a6 12. Bc6 Ra7 13. dxc5 Bb7 14. Bxb7 Rxb7 15. cxb6 Nxb6 16. b3 Rd7 17. Rc1 Ne4 18. Bxe7 Qxe7 19. Qd4 Rc8 20. Nxd5 Qe6 21. Qxb6 Rxc1 22. Rxc1 Rd6 23. Qb8+ Kh7 24. Nf4 Qd7 25. Nd4 Qe7 26. Nf5 Rd8 27. Nxe7 Rxb8 28. f3 Nf6 29. Nfd5 Nxd5 30. Nxd5 Rd8 31. e4 f5 32. Rc6 a5 33. Ra6 fxe4 34. fxe4 Re8 35. Rxa5 Rxe4 36. b4 Re1+ 37. Kf2 Rb1 38. b5 Kg8 39. b6 Kf8 40. a4 Ke8 41. Rb5 Rc1 42. b7 Rc2+ 43. Kf3 Kd8 44. b8=Q+ Rc8 45. Qd6+ Ke8 46. Qe7# 1-0

[Event "LTU-ch Women 2019"]
[Site "Vilnius"]
[Date "2019.03.16"]
[Round "2.4"]
[White "Ravlusevic, Evelina"]
[Black "Malisauskiene, Marina"]
[Result "1/2-1/2"]
[ECO "E12"]
[WhiteElo "1704"]
[BlackElo "1869"]
[Annotator "NA RC"]
[PlyCount "296"]
[EventDate "2019.??.??"]
[EventCountry "LTU"]
[SourceTitle "playchess.com"]
[Source "ChessBase"]
[SourceQuality "1"]
[TimeControl "5400+30"]

1. d4 Nf6 2. c4 e6 3. Nf3 b6 4. Bg5 Bb7 5. e3 Bb4+ 6. Nbd2 h6 7. Bh4 g5 8. Bg3 g4 9. Ne5 Ne4 10. Qxg4 Bxd2+ 11. Kd1 Bb4 12. Bh4 Nxf2+ 13. Bxf2 Qg5 14. Qh3 Be7 15. Nf3 Qg7 16. Qg3 Qxg3 17. Bxg3 d6 18. Bd3 Nd7 19. Rf1 h5 20. e4 h4 21. Bf4 Rg8 22. g3 hxg3 23. Bxg3 O-O-O 24. Kc2 Rg4 25. Rae1 Rh8 26. Nd2 f6 27. b4 Rhg8 28. Kc3 Kd8 29. Be2 R4g7 30. Bf3 c5 31. bxc5 dxc5 32. d5 e5 33. a4 Kc7 34. Bg2 Rh8 35. Nf3 Rg4 36. Ng1 Nf8 37. Bh3 Rg6 38. Bf5 Rgh6 39. Nf3 Bd6 40. Rg1 Bc8 41. Bxc8 Kxc8 42. a5 Nd7 43. axb6 axb6 44. Ra1 Kb7 45. Ra2 Rh3 46. Rga1 Bb8 47. Kd3 R8h7 48. Rg2 R3h5 49. Nh4 Rxh4 50. Bxh4 Rxh4 51. Rg7 Rh3+ 52. Rg3 Rxh2 53. Rg7 Rh3+ 54. Kd2 Kc7 55. Rag1 Rh8 56. Rf7 Rf8 57. Re7 Kc8 58. Rgg7 Rd8 59. Re6 Bc7 60. Rc6 Kb7 61. Kc3 f5 62. exf5 e4 63. Re6 Kc8 64. Rc6 Kb7 65. Re6 Kc8 66. Kc2 Rh8 67. Rc6 Kd8 68. d6 Bb8 69. Rg2 Rf8 70. Rf2 Rf6 71. Rg2 Rxd6 72. Rg8+ Ke7 73. Rcc8 e3 74. Rce8+ Kf6 75. Rxe3 Kxf5 76. Re2 Rd4 77. Rf2+ Bf4 78. Kc3 Ne5 79. Rf8+ Kg4 80. Rg8+ Kf5 81. Rf8+ Kg4 82. Rg8+ Kh3 83. Rf1 Rxc4+ 84. Kb3 Rb4+ 85. Ka3 Ng4 86. Rg1 Be5 87. Rg5 Bg3 88. Rh5+ Bh4 89. Rh1+ Nh2 90. Rg1 Rg4 91. Rb1 Rg6 92. Rh8 Nf3 93. Rb8 Kg4 94. R8xb6 Rxb6 95. Rxb6 Bf2 96. Rc6 Ne5 97. Rxc5 Bxc5+ 98. Kb3 Kf4 99. Kc3 Ke4 100. Kb3 Kd5 101. Kc3 Bd4+ 102. Kb4 Kc6 103. Kb3 Kc5 104. Kc2 Be3 105. Kc3 Bf4 106. Kb3 Nd3 107. Kc3 Nb4 108. Kb3 Bd2 109. Ka3 Kc4 110. Kb2 Bc3+ 111. Kc1 Nc6 112. Kb1 Kb3 113. Kc1 Nd4 114. Kd1 Kc4 115. Kc1 Kd3 116. Kb1 Ne6 117. Kc1 Nc5 118. Kb1 Nb3 119. Ka2 Kc4 120. Kb1 Nd4 121. Ka2 Kb4 122. Kb1 Kb3 123. Kc1 Bb4 124. Kd1 Kc4 125. Kc1 Kd3 126. Kb2 Kd2 127. Kb1 Kc3 128. Kc1 Nb3+ 129. Kd1 Nd4 130. Ke1 Kd3+ 131. Kf2 Ke4 132. Kg2 Kf4 133. Kf2 Nf3 134. Ke2 Ke4 135. Kf2 Bd6 136. Ke2 Bg3 137. Kd1 Kd3 138. Kc1 Be5 139. Kd1 Bc3 140. Kc1 Nd2 141. Kd1 Ne4 142. Kc1 Nf2 143. Kb1 Nd1 144. Kc1 Nb2 145. Kb1 Kd2 146. Ka2 Kc2 147. Ka3 Ba5 148. Ka2 Bb4 1/2-1/2

[Event "LTU-ch Women 2019"]
[Site "Vilnius"]
[Date "2019.03.16"]
[Round "2.5"]
[White "Plutaite, Ausra"]
[Black "Maciulaityte, Barbora"]
[Result "0-1"]
[ECO "B76"]
[WhiteElo "1378"]
[BlackElo "1765"]
[Annotator "NA"]
[PlyCount "116"]
[EventDate "2019.??.??"]
[EventCountry "LTU"]
[SourceTitle "playchess.com"]
[Source "ChessBase"]
[SourceQuality "1"]
[TimeControl "5400+30"]

1. e4 c5 2. Nf3 d6 3. d4 cxd4 4. Nxd4 Nf6 5. Nc3 g6 6. Be3 Bg7 7. f3 O-O 8. Qd2 Nc6 9. g4 Be6 10. Nxe6 fxe6 11. O-O-O Qc8 12. h4 Ne5 13. Be2 Nc4 14. Bxc4 Qxc4 15. Bd4 b5 16. Qd3 Qxd3 17. Rxd3 a6 18. h5 Bh6+ 19. Kb1 g5 20. f4 gxf4 21. g5 Bxg5 22. Rg1 h6 23. Bxf6 Rxf6 24. e5 dxe5 25. Ne4 Rf5 26. Rd7 Kf8 27. Nc5 Kf7 28. Ne4 Ke8 29. Rc7 f3 30. Rf1 Rd8 31. Nc5 Rd6 32. Rc8+ Kf7 33. Ne4 Rd4 34. Nf2 Bh4 35. c3 Rc4 36. Rxc4 bxc4 37. Ng4 Kg7 38. Ne3 Rf4 39. Kc2 f2 40. Ng2 Rg4 41. Ne3 Re4 42. Ng2 Bg3 43. Kd2 Kf6 44. b4 cxb3 45. axb3 Kg5 46. Kd3 Re1 47. Ne3 Bf4 48. Rxf2 Rxe3+ 49. Kc2 e4 50. c4 Rf3 51. Re2 e3 52. Kd3 Rf2 53. c5 Rxe2 54. Kxe2 Kxh5 55. c6 Kg4 56. Kf1 Kf3 57. b4 e2+ 58. Ke1 Bg3+ 0-1

[Event "LTU-ch Women 2019"]
[Site "Vilnius"]
[Date "2019.03.16"]
[Round "2.6"]
[White "Sibajeva, Marija"]
[Black "Griksaite, Ieva"]
[Result "1-0"]
[ECO "C63"]
[WhiteElo "2023"]
[BlackElo "1294"]
[Annotator "NA"]
[PlyCount "115"]
[EventDate "2019.??.??"]
[EventCountry "LTU"]
[SourceTitle "playchess.com"]
[Source "ChessBase"]
[SourceQuality "1"]
[TimeControl "5400+30"]

1. e4 e5 2. Nf3 Nc6 3. Bb5 f5 4. Nc3 fxe4 5. Nxe4 d5 6. Ng3 Bg4 7. h3 Bxf3 8. Qxf3 Qd6 9. O-O O-O-O 10. Bxc6 Qxc6 11. Qe3 Kb8 12. c3 e4 13. d4 Nf6 14. Bd2 Qb6 15. b3 c6 16. f3 Bd6 17. fxe4 dxe4 18. Nf5 Qc7 19. Qg5 h6 20. Qxg7 Qxg7 21. Nxg7 Nd5 22. Nf5 Bc7 23. c4 Nb6 24. Bxh6 Rdg8 25. Rae1 Re8 26. Bf4 Bxf4 27. Rxf4 Rhf8 28. g4 e3 29. Rf3 e2 30. Rf2 Re4 31. Rfxe2 Rxe2 32. Rxe2 Kc7 33. Re7+ Nd7 34. Kg2 b6 35. d5 cxd5 36. cxd5 Rg8 37. Kg3 a6 38. Kf4 a5 39. g5 b5 40. Re6 a4 41. bxa4 bxa4 42. Rc6+ Kb7 43. h4 Nb6 44. Ke5 Re8+ 45. Re6 Rh8 46. g6 Nc4+ 47. Kd4 Nd2 48. g7 Rg8 49. Re7+ Kc8 50. Nd6+ Kd8 51. Re8+ Rxe8 52. Nxe8 Kxe8 53. g8=Q+ Kd7 54. Qf7+ Kd6 55. Qf4+ Kd7 56. Qxd2 Kc7 57. Qc3+ Kd7 58. Qc6+ 1-0

[Event "LTU-ch Women 2019"]
[Site "Vilnius"]
[Date "2019.03.17"]
[Round "3.2"]
[White "Malisauskiene, Marina"]
[Black "Ramanauskaite, Giedre"]
[Result "1/2-1/2"]
[ECO "A65"]
[WhiteElo "1869"]
[BlackElo "1870"]
[Annotator "NA RC"]
[PlyCount "184"]
[EventDate "2019.??.??"]
[EventCountry "LTU"]
[SourceTitle "playchess.com"]
[Source "ChessBase"]
[SourceQuality "1"]
[TimeControl "5400+30"]

1. d4 Nf6 2. c4 c5 3. d5 e6 4. Nc3 exd5 5. cxd5 d6 6. e4 g6 7. h3 Bg7 8. Nf3 O-O 9. Bd3 a6 10. a4 b6 11. O-O Re8 12. Re1 {[%emt 0:00:47] A70: Modern Benoni: 6 e4 g6 7 Nf3} Nfd7 (12... Ra7 13. Bf4 Nh5 14. Bh2 Be5 15. Nxe5 dxe5 16. Qd2 Qf6 17. Qe3 Nd7 18. Rab1 {1-0 (75) Istratescu,A (2636)-Rathnakaran,K (2453) Montreal 2008}) 13. Bg5 $146 ({Predecessor:} 13. Bf4 Ne5 14. Nxe5 dxe5 15. Be3 Qd6 16. Nb1 f5 17. f3 f4 18. Bf2 Qf6 19. a5 b5 20. Bxc5 {1-0 (43) Bartos,J (2211)-Hladik,L (2084) Ostrava 2002}) 13... f6 14. Bh4 g5 15. Bg3 Ne5 16. Bxe5 fxe5 17. Nd2 Nd7 18. g4 Nf8 19. Nc4 Ng6 20. Ra3 Nf4 21. Bf1 Rb8 22. Ne3 Qc7 23. Kh2 Qb7 24. Rb3 Bf8 25. Ng2 Bd7 26. f3 Ra8 27. Qc2 Nxg2 ({Black should play} 27... Qc7 $15) 28. Kxg2 Qc7 29. Bc4 Reb8 30. Ra1 Be7 31. Kg3 h6 32. Qd3 Qc8 33. Nd1 Qe8 34. Nc3 Qc8 $1 35. Rba3 Kg7 36. Qb1 Bd8 37. Qf1 Be7 38. b3 Qf8 39. R3a2 Bc8 40. Qd3 Qd8 41. Nd1 Ra7 42. Ne3 Kf7 43. Nc2 Qd7 44. b4 h5 45. Qb3 h4+ 46. Kf2 Qc7 47. Kg2 Raa8 48. Ne1 a5 49. bxa5 Rxa5 50. Nd3 Ba6 $2 {[%emt 0:00:13] [#]} (50... Kg7 $14) 51. Nxe5+ $1 Ke8 (51... Kg8 $142 52. Nc6 {[%mdl 64] Trapped Piece} Bxc4 53. Qxc4 Bf6 54. Nxb8 Bxa1) 52. Nc6 {[%emt 0:00:16] Trapped Piece} Bxc4 53. Qxc4 Bf6 54. Rb1 ({Not} 54. Nxa5 bxa5 55. Rf1 Be5 $16) ({But not} 54. Nxb8 Bxa1 55. Nc6 (55. Rxa1 Qxb8 56. Re1 Kd7 $18) 55... Be5 $18) 54... b5 $2 (54... Rba8 55. Nxa5 bxa5 56. Qb5+ Kd8) 55. Qc2 b4 56. Nxa5 $2 (56. e5 Bxe5 57. Qg6+ Kf8 58. Qf5+ Qf7 59. Qxf7+ Kxf7 60. Nxa5) 56... Qxa5 57. Qc4 Kf7 58. Rb3 Be5 59. Rd3 Ra8 60. Rdd2 Rb8 61. Rd3 Ra8 62. Kf2 Qb6 63. Ke2 Ra5 64. Rb3 Qd8 65. Qc1 Bf4 66. Qc2 Qb6 $2 (66... Be5 $11 {and Black stays safe.}) 67. Qc4 Qd8 68. Rb1 Ke8 69. Kd3 Kd7 70. Kc2 Qf6 71. Kb3 Be5 72. Qd3 Kc7 73. Rc1 Kb6 74. Rcc2 Qf4 75. Qe2 Qg3 76. Qg2 $2 (76. Qf1 $14 {keeps the upper hand.}) 76... Qxg2 $2 (76... Qe1 $19 77. Qd2 Qf1) 77. Rxg2 Bf4 78. Rac2 Ra8 79. Rg1 Rf8 80. Rf1 Ka5 81. Ra2 Be5 82. Kc4 Rf4 83. Re2 Rf8 84. Ree1 (84. f4 $18 gxf4 85. Rf3) 84... Rf4 85. Rb1 (85. Rd1 $18) 85... Rf8 {[%emt 0:00:19] [#]} 86. Rf2 ({Better is} 86. Rbc1 $1 $16) 86... Rf4 $2 (86... Bd4 $11 87. Rff1) 87. Rbf1 Bd4 (87... Rf7 $16 88. Rc2 Rf4) 88. Rd2 Be5 89. Rff2 ({White should try} 89. Rd3 $16) 89... Bc3 $2 (89... Bd4 $1 $11 {and Black stays safe.}) 90. Rd3 Be5 91. Rc2 Rf8 92. Re2 Rf4 $18 1/2-1/2

[Event "LTU-ch Women 2019"]
[Site "Vilnius"]
[Date "2019.03.17"]
[Round "3.3"]
[White "Maciulaityte, Barbora"]
[Black "Sibajeva, Marija"]
[Result "0-1"]
[ECO "B01"]
[WhiteElo "1765"]
[BlackElo "2023"]
[Annotator "NA RC"]
[PlyCount "78"]
[EventDate "2019.??.??"]
[EventCountry "LTU"]
[SourceTitle "playchess.com"]
[Source "ChessBase"]
[SourceQuality "1"]
[TimeControl "5400+30"]

1. e4 d5 2. exd5 Qxd5 3. Nc3 Qa5 4. d4 Nf6 5. Bd3 Bg4 6. f3 Bh5 7. Nge2 {[%emt 0:00:47] B01: Scandinavian Defence} e6 8. O-O Nc6 (8... c6 9. Nf4 Bg6 10. Ne4 Nbd7 11. c3 Be7 12. Qe2 Nd5 13. Bd2 Qc7 14. g3 O-O 15. Nxg6 hxg6 {0-1 (56) Vonthron,H (2339)-Mueller,K (2489) Germany 2006}) 9. Ne4 Nxe4 $146 ({Predecessor:} 9... Be7 10. c3 Qb6 11. Kh1 e5 12. Nxf6+ Bxf6 13. d5 Ne7 14. Be4 Rd8 {1-0 (41) Johne,S (1890)-Elster,W (1765) Bad Woerishofen 2000}) 10. Bxe4 Qb6 11. c3 Bg6 12. Nf4 O-O-O 13. Nxg6 hxg6 14. Qb3 Bd6 15. h3 Rh5 16. Qxb6 axb6 17. Kf2 Ne7 18. a3 Kb8 19. Rd1 c6 20. b3 Nd5 21. Bb2 Nf4 22. c4 Rg5 23. Rg1 Rh8 24. Bc1 c5 25. Bxf4 Bxf4 26. dxc5 bxc5 27. Rad1 {[%emt 0:01:09] [#]} Be5 $2 (27... Bg3+ $1 $17 28. Kf1 Re5) 28. Rh1 Bd4+ 29. Kf1 f5 30. Bc2 Kc7 31. Rd2 b6 32. Re2 e5 33. Ke1 Rd8 ({Black should play} 33... Rg3 $17) 34. g4 Rh8 {[%emt 0:01:02] [#]} 35. Rg2 (35. Reh2 $1 $16 Rh4 36. Kf1) 35... fxg4 36. fxg4 e4 37. h4 Re5 38. Re2 Rf8 39. Rf1 $2 (39. Bxe4 $11 Rfe8 40. Bd3) 39... Bc3+ $19 0-1

[Event "LTU-ch Women 2019"]
[Site "Vilnius"]
[Date "2019.03.17"]
[Round "3.4"]
[White "Perminaite, Guoda"]
[Black "Ravlusevic, Evelina"]
[Result "1/2-1/2"]
[ECO "B92"]
[WhiteElo "1814"]
[BlackElo "1704"]
[Annotator "NA RC"]
[PlyCount "84"]
[EventDate "2019.??.??"]
[EventCountry "LTU"]
[SourceTitle "playchess.com"]
[Source "ChessBase"]
[SourceQuality "1"]
[TimeControl "5400+30"]

1. e4 c5 2. Nf3 d6 3. d4 cxd4 4. Nxd4 Nf6 5. Nc3 a6 6. Be2 e5 7. Nf3 h6 8. Nd2 {[%emt 0:01:31] B92: Sicilian Najdorf: 6 Be2} Be6 (8... b5 9. a4 b4 10. Nd5 Nxd5 11. exd5 a5 12. Bb5+ Nd7 13. Nc4 Be7 14. Qg4 g6 15. Qe2 h5 {1-0 (50) Hovhannisyan,R (2637)-Andriasian,Z (2604) Yerevan 2019}) 9. Nc4 b5 10. Ne3 Nbd7 11. Bf3 Rc8 $146 ({Predecessor:} 11... Nb6 12. O-O Be7 13. Re1 O-O 14. Ne2 Rc8 15. Ng3 g6 {0-1 (71) Sahidi,S (2212)-Kosakowski,J (2363) Rymanow Zdroj 2017}) 12. O-O Be7 13. Re1 O-O 14. Ncd5 Nb6 15. c3 Nfxd5 16. Nxd5 Nxd5 17. exd5 Bd7 18. Be2 f5 19. a4 Bg5 20. axb5 axb5 21. Ra6 Qf6 22. Qb3 Bxc1 23. Rxc1 Rc5 24. Rd1 Qg6 25. Qb4 Rfc8 26. Rb6 f4 27. f3 Bh3 28. Bf1 Qc2 {[%emt 0:02:55] [#]} 29. Re1 $1 Rxd5 30. Rxd6 Rc4 31. Qa3 Ra4 32. Qxa4 bxa4 33. Rxd5 Qxb2 (33... Be6 $142 34. Rdxe5 Bf7) 34. gxh3 Qxc3 35. Rdxe5 (35. Rexe5 $18 a3 36. Re8+ Kf7 37. Ra8) 35... a3 36. Re8+ Kh7 {[%emt 0:02:37] [#]} 37. Rd1 $1 ({Much less strong is} 37. R1e2 Qa5 $16) 37... a2 38. Ree1 Qxf3 (38... Kg6 $142) 39. Ra1 $2 (39. Bd3+ $18 g6 40. Bc4) 39... Qd5 40. Red1 $11 Qc5+ 41. Kg2 Qc2+ 42. Kg1 Qc5+ 1/2-1/2

[Event "LTU-ch Women 2019"]
[Site "Vilnius"]
[Date "2019.03.17"]
[Round "3.5"]
[White "Ditmonaite, Viktorija"]
[Black "Sukyte, Kotryna"]
[Result "1-0"]
[ECO "E61"]
[WhiteElo "1871"]
[BlackElo "1354"]
[Annotator "NA RC"]
[PlyCount "109"]
[EventDate "2019.??.??"]
[EventCountry "LTU"]
[SourceTitle "playchess.com"]
[Source "ChessBase"]
[SourceQuality "1"]
[TimeControl "5400+30"]

1. d4 Nf6 2. c4 g6 3. Nc3 Bg7 4. Nf3 d6 5. e3 O-O 6. Be2 Nbd7 7. O-O e5 8. dxe5 Nxe5 9. Qb3 $146 {[%emt 0:03:12] E61: King's Indian: Early deviations for White, including Smyslov System} ({Predecessor:} 9. Nxe5 dxe5 10. Qc2 c6 11. Rd1 Qe7 12. Bd2 e4 13. a3 Bf5 14. Na4 b6 15. Bb4 c5 16. Bc3 Rac8 {1-0 (52) Brinovec,D (2236)-Timagin,P (2318) Bled 2018}) 9... Ned7 10. Qc2 Nc5 11. Nd4 Ne6 12. h3 Nxd4 13. exd4 c6 14. Bg5 Qc7 15. d5 Bf5 16. Bd3 Bxd3 17. Qxd3 h6 18. Bf4 g5 19. Bh2 cxd5 20. Nxd5 Nxd5 21. Qxd5 Be5 (21... Qc5 $11 {keeps the balance.}) 22. f4 gxf4 23. Bxf4 Bxf4 24. Rxf4 Qc5+ 25. Rd4 Qxd5 26. Rxd5 Rfd8 27. Rad1 Rac8 28. c5 ({Reject} 28. Rxd6 $6 Rxd6 29. Rxd6 Rxc4 $11) 28... Kf8 29. cxd6 Rc2 30. Rb5 b6 31. a4 Rc6 32. Rbd5 Ke8 33. b4 a6 34. Kf2 f6 35. Kf3 Kf7 36. Kf4 Rc4+ 37. R1d4 Rxd4+ 38. Rxd4 Ke6 39. g4 Rd7 40. Ke4 Rd8 {[%emt 0:01:37] [#]} 41. d7 $1 Rxd7 42. Rxd7 Kxd7 43. Kf5 Ke7 44. Kg6 Ke6 45. Kxh6 Kf7 46. h4 Kf8 47. Kg6 Ke7 48. h5 Kd6 49. h6 Kd5 50. h7 Kc4 51. h8=Q Kxb4 52. Qxf6 Ka5 53. Qd4 (53. g5 $142 b5 54. Kh5 Kb4 55. g6 Kb3 56. g7 Ka3 57. g8=Q Kb4 58. Qd4+ Ka3 59. Qc3+ Kxa4 60. Qgb3#) 53... b5 54. axb5 axb5 55. Kf6 1-0

[Event "LTU-ch Women 2019"]
[Site "Vilnius"]
[Date "2019.03.17"]
[Round "3.6"]
[White "Griksaite, Egle"]
[Black "Simkunaite, Gabija"]
[Result "0-1"]
[ECO "A40"]
[WhiteElo "1245"]
[BlackElo "1820"]
[Annotator "NA"]
[PlyCount "70"]
[EventDate "2019.??.??"]
[EventCountry "LTU"]
[SourceTitle "playchess.com"]
[Source "ChessBase"]
[SourceQuality "1"]
[TimeControl "5400+30"]

1. d4 e6 2. Nf3 b6 3. Bf4 Nf6 4. e3 d6 (4... Bb7 5. Nbd2 Bd6 6. Bg3 O-O 7. a4 a6 8. Bd3 h6 9. e4 Bxg3 10. hxg3 d6 11. Qe2 e5 12. dxe5 dxe5 13. Nc4 {1-0 (53) Maghsoodloo,P (2688)-Jobava,B (2627) St Petersburg 2018}) 5. Bd3 Be7 6. Nbd2 {[%emt 0:01:26] A47: 1 d4 Nf6 2 Nf3 b6: Torre, London and Colle Systems} Bb7 7. Qe2 Nbd7 8. c3 c5 9. O-O Nh5 10. Bg3 Nxg3 11. fxg3 O-O 12. e4 $146 ({Predecessor:} 12. Bc2 Rc8 13. Rae1 g6 14. Ne4 f5 15. Nf2 Nf6 16. e4 f4 17. g4 cxd4 18. Nxd4 {½-½ (18) Wilke,W (1704)-Josting,F (1857) Hamburg 2018}) 12... e5 13. d5 f5 14. c4 f4 15. Qf2 fxg3 16. Qxg3 Rf6 17. Rf2 Nf8 18. Raf1 $2 {[%emt 0:04:28] [#]} (18. Ne1 $15) 18... Rg6 $1 19. Qh3 Bc8 20. Qh5 Bg4 {[%emt 0:00:02] Trapped Piece} 21. Nxe5 Bxh5 22. Nc6 Qe8 23. e5 dxe5 24. Bxg6 Bxg6 25. Nxe5 Bf6 26. Nc6 Bd3 27. Rd1 Ng6 28. b3 b5 29. Nf3 bxc4 30. bxc4 Bxc4 31. Na5 Qa4 32. Rc1 Bxd5 33. Nb3 Bxf3 $19 34. Nxc5 Qa3 35. Rxf3 Qxc1+ 0-1